 Dungeon Crawl Stone Soup version 0.28-a0-309-gf6d37e6e1d (webtiles) character file.

Game seed: 9461687145717031635

1382 McIrco the Slicer (level 8, -1/51 HPs)
             Began as a Kobold Berserker on Aug 30, 2021.
             Was a Priest of Trog.
             Slain by a yak (15 damage)
             ... on level 4 of the Dungeon.
             The game lasted 00:05:53 (5140 turns).

McIrco the Slicer (Kobold Berserker)                Turns: 5140, Time: 00:05:53

Health: -1/51      AC:  3    Str: 16    XL:     8   Next: 99%
Magic:  8/8        EV: 17    Int:  9    God:    Trog [***...]
Gold:   202        SH:  0    Dex: 14    Spells: 7/7 levels left

rFire   . . .      SeeInvis .   a - +0 short sword
rCold   . . .      Faith    .   (shield restricted)
rNeg    . . .      Spirit   .   b - +0 animal skin
rPois   .          Reflect  .   (no helmet)
rElec   .          Harm     .   g - +0 cloak
rCorr   .          Rampage  .   (no gloves)
Will    .....                   (no boots)
Stlth   ++++......              (no amulet)
HPRegen 0.17/turn               (no ring)
MPRegen 0.11/turn               (no ring)

@: on berserk cooldown, slowed, very slow
A: small, no large weapons, nightstalker 3
a: Renounce Religion, Berserk, Trog's Hand


You were on level 4 of the Dungeon.
You worshipped Trog.
Trog was most pleased with you.
You visited 1 branch of the dungeon, and saw 4 of its levels.

You collected 202 gold pieces.

Inventory:

Hand Weapons
 a - a +0 short sword (weapon)
Armour
 b - a +0 animal skin (worn)
 g - a +0 cloak (worn)
Jewellery
 d - a ring of resist corrosion
Wands
 c - a wand of digging (6)
 q - a wand of iceblast (5)
Scrolls
 e - 2 scrolls of noise {unknown}
 f - 5 scrolls of identify {unknown}
 h - 2 scrolls of teleportation {unknown}
 j - 2 scrolls of immolation {unknown}
 l - 2 scrolls of brand weapon {unknown}
 n - a scroll of blinking {unknown}
 o - a scroll of fog {unknown}
 p - a scroll of amnesia {unknown}
Potions
 k - 2 potions of attraction
 s - a potion of magic


   Skills:
 + Level 6.0 Fighting
 + Level 9.8 Short Blades
 + Level 1.5 Armour
 + Level 6.2 Dodging
 - Level 5.0 Stealth
 + Level 0.4 Evocations


You had 7 spell levels left.
You didn't know any spells.
Your spell library was empty.

Dungeon Overview and Level Annotations

Branches:
Dungeon (4/15)
 Temple: D:4-7

Altars:


Innate Abilities, Weirdness & Mutations

You are small and have problems with some larger weapons.
You are completely attuned to the shadows.


Message History

The phantom is moderately damaged.
The phantom closely misses you.
You puncture the phantom!
The phantom is heavily damaged.
The phantom barely misses you.
You closely miss the phantom.
The phantom is heavily damaged.
The phantom misses you.
You hit the phantom but do no damage.
The phantom is heavily damaged.
The phantom barely misses you.
You miss the phantom.
The phantom is heavily damaged.
The phantom hits you.
You hit the phantom.
The phantom is severely damaged.
The phantom misses you.
You hit the phantom.
The phantom is severely damaged.
The phantom hits you.
The phantom blinks!
You blink.
You hit the phantom.
The phantom is almost destroyed.
The phantom hits you!
You are too injured to fight recklessly!
You are too injured to fight recklessly!
You are too injured to fight recklessly!
Unknown command.
You hit the phantom but do no damage.
The phantom is almost destroyed.
You barely miss the phantom.
The phantom is almost destroyed.
The phantom hits you but does no damage.
You hit the phantom but do no damage.
The phantom is almost destroyed.
The yak misses you. The phantom hits you!
* * * LOW HITPOINT WARNING * * *
You barely miss the phantom.
The phantom is almost destroyed.
The yak gores you!
You die...

#######.#..........# ##.##
## #.####.#####.# #...# .#
#.####.#####.##### #...###
## ##......#.........#
#...... ###
#.....###..#..#...####...###
..# #.....#
#######............. #.#
#..######.....#.............
..#
#..#....'..W..#....)........
..#
#..#....#)Y@..#......#...#.#
).#
####...†#.....#...##.#......
.##
#....#.....#.#.##.#...#.# .#
##'#######'###.##.#...#.# .#
#.w.#......#..##.......# .#
.. ......#...........#
.###### ......#####..#.#.##
.....)# ......##.........##
#####.###
......##.#........#


You could see a yak and a phantom.

Vanquished Creatures
  Pikel (D:4)
  Sigmund (D:2)
  Menkaure (D:4)
  3 ogres
  A scorpion (D:4)
  A jelly (D:4)
  Ijyb (D:3)
  3 orc wizards (D:4)
  3 gnolls (D:2)
  4 adders
  An ufetubus (D:4)
  An adder skeleton (D:4)
  2 worms
  2 dart slugs
  13 orcs (D:4)
  4 endoplasms
  7 giant cockroaches
  8 hobgoblins
  A jackal (D:1)
  2 quokkas
  9 ball pythons
  5 bats
  7 frilled lizards
  9 goblins
  11 kobolds
  6 rats
107 creatures vanquished.

Notes
Turn   | Place    | Note
-------+----------+-------------------------------------------
     0 | D:1      | McIrco the Kobold Berserker began the quest for the Orb.
     0 | D:1      | Reached XP level 1. HP: 14/14 MP: 1/1
   302 | D:1      | Reached XP level 2. HP: 19/19 MP: 2/2
   947 | D:1      | Reached XP level 3. HP: 22/24 MP: 3/3
  1123 | D:1      | Reached skill level 1 in Stealth
  1951 | D:2      | Reached XP level 4. HP: 29/29 MP: 4/4
  1953 | D:2      | Reached ** piety under Trog
  1956 | D:2      | Reached skill level 5 in Short Blades
  2259 | D:2      | Noticed Sigmund
  2269 | D:2      | Killed Sigmund
  2270 | D:2      | Reached skill level 5 in Stealth
  2270 | D:2      | Reached XP level 5. HP: 33/33 MP: 5/5
  2270 | D:2      | Reached XP level 6. HP: 38/38 MP: 6/6
  2661 | D:3      | Noticed an ogre
  2671 | D:3      | Killed an ogre
  2672 | D:3      | Reached skill level 6 in Short Blades
  3138 | D:3      | Noticed Ijyb
  3151 | D:3      | Killed Ijyb
  3421 | D:3      | Reached XP level 7. HP: 44/44 MP: 7/7
  3828 | D:4      | HP: 3/66 [scorpion (4)]
  3835 | D:4      | Noticed Pikel
  3851 | D:4      | Killed Pikel
  3852 | D:4      | Reached skill level 5 in Fighting
  3852 | D:4      | Reached skill level 8 in Short Blades
  3852 | D:4      | Reached skill level 5 in Dodging
  3852 | D:4      | Reached XP level 8. HP: 17/50 MP: 8/8
  4328 | D:4      | Reached skill level 9 in Short Blades
  4523 | D:4      | Noticed Menkaure
  4527 | D:4      | Killed Menkaure
  5091 | D:4      | Reached *** piety under Trog
  5102 | D:4      | Noticed a yak
  5140 | D:4      | Slain by a yak

Illustrated notes

Levels and vault maps discovered:
D:1:      nzn_arrival_settlement, layout_basic, serial_corexii_hall,
          corexii_hall_statues_i, corexii_hall_statues_i,
          corexii_hall_statues_t, corexii_hall_statues_x, minmay_pentomino_w4
D:2:      kennysheep_six_static_rooms, layout_loops_ring,
          kennysheep_cross_bottleneck, uniq_sigmund
D:3:      layout_basic, uniq_ijyb
D:4:      minmay_clustersquares, layout_loops_cross, uniq_menkaure, uniq_pikel

Skill      XL: |  1  2  3  4  5  6  7  8 |
---------------+-------------------------+-----
Stealth        | 2 5 |  5.0
Fighting       | 4 5 6 |  6.0
Short Blades   | 5 6 8 9 |  9.8
Dodging        | 3 5 6 |  6.2
Armour         | |  1.5
Evocations     | |  0.4

Action                   |  1- 3 |  4- 6 |  7- 9 || total
-------------------------+-------+-------+-------++-------
Melee: Short sword       |   105 |    72 |   180 ||   357
Invok: Berserk           |     2 |     3 |     4 ||     9
       Trog's Hand       |       |       |     1 ||     1
Evoke: Wand              |       |       |     2 ||     2
  Use: Potion            |       |       |     9 ||     9
 Stab: Sleeping          |    13 |    15 |     6 ||    34
Armor: Animal skin       |    16 |     3 |    12 ||    31
       Skin              |       |       |    20 ||    20
Dodge: Dodged            |    72 |    42 |    98 ||   212

Table legend: (Time is in decaauts)
 A = Elapsed time spent in this place.
 B = Non-inter-level travel time spent in this place.
 C = Inter-level travel time spent in this place.
 D = Time resting spent in this place.
 E = Time spent auto-exploring this place.
 F = Levels seen in this place.
 G = Mean time per level.
                   A        B        C        D        E       F      G
               +--------+--------+--------+--------+--------+-----+--------+
         Total |   5123 |   5093 |     30 |    648 |   3792 |   4 | 1280.8 |
       Dungeon |   5123 |   5093 |     30 |    648 |   3792 |   4 | 1280.8 |
               +--------+--------+--------+--------+--------+-----+--------+

Top non-repeatable levels by time:
     D:3: 1546 daAuts
     D:1: 1337 daAuts
     D:2: 1223 daAuts
     D:4: 1016 daAuts
